Map: Frozen Temple

Players

Pokebunny - Winner!

  • Race: Terran Terran
  • League: Grandmaster

HuShang

  • Race: Protoss Protoss
  • League: Grandmaster

VOD

Have the link to the VOD?

Description

Time

  • Played on: April 7, 2016, 12:38 a.m.
  • Length: 6:59
Show
View Real Time Build Order
Export as new Build Order

Pokebunny Terran - Winner!

Build Orders: Reaper Expand 

Get SALT Encoding   

  12  0:01  SCV  
  13  0:13  SCV  
  14  0:18  Supply Depot  
  14  0:25  SCV  
  15  0:39  SCV  
  15  0:41  Barracks  
  16  0:45  Refinery  
  16  0:51  SCV  
  17  1:03  SCV  
  18  1:17  SCV  
  19  1:30  Orbital Command, Reaper  
  20  1:40  Command Center  
  20  1:48  Supply Depot  
  20  1:55  SCV  
  21  2:01  Marine  
  21  2:06  Factory  
  21  2:08  SCV  
  23  2:14  Refinery  
  23  2:19  Marine  
  23  2:20  SCV  
  25  2:32  SCV  
  26  2:41  Barracks Reactor  
  26  2:45  SCV  
  27  2:51  Hellion, Starport  
  27  2:52  Orbital Command  
  27  2:57  SCV  
  30  3:09  SCV  
  30  3:12  Engineering Bay  
  31  3:19  Marine x2  
  32  3:20  Widow Mine  
  32  3:24  SCV x2  
  36  3:27  Medivac  
  38  3:36  SCV x2  
  38  3:38  Marine x2  
  42  3:42  Missile Turret  
  42  3:52  Factory Tech Lab  
  40  3:57  Barracks  
  40  3:59  Barracks  
  37  4:11  Marine x2  
  37  4:16  Siege Tank  
  42  4:22  Missile Turret  
  42  4:29  Starport Reactor, Terran Infantry Weapons Level 1  
  42  4:32  SCV  
  42  4:33  SCV  
  42  4:34  Marine  
  42  4:35  Marine  
  43  4:49  Barracks Tech Lab  
  43  4:50  Barracks Reactor, Siege Tank  
  45  5:02  Marine  
  45  5:05  Marine  
  44  5:10  Medivac  
  44  5:12  Supply Depot  
  44  5:13  Supply Depot  
  46  5:15  Refinery  
  46  5:23  Combat Shields  
  46  5:33  Marine, SCV x2  
  46  5:34  Marine x2  
  51  5:38  Marine  
  51  5:41  Marine  
  53  5:46  SCV x2  
  53  5:47  Supply Depot  
  53  5:58  SCV  
  53  6:02  Marine x3  
  53  6:03  Marine  
  58  6:13  Missile Turret  
  58  6:14  Siege Tank, Medivac  
  63  6:29  Marine  
  63  6:30  Marine x3  
  66  6:39  Supply Depot  
Show
View Real Time Build Order
Export as new Build Order

HuShang Protoss 

Build Orders: 1 Gate Expand, Oracle Opening 

Get SALT Encoding   

  12  0:01  Probe (Chrono Boost)  
  13  0:11  Probe (Chrono Boost)  
  14  0:22  Pylon, Probe (Chrono Boost)  
  15  0:40  Gateway, Probe (Chrono Boost)  
  16  0:44  Assimilator  
  16  0:50  Probe (Chrono Boost)  
  17  1:01  Probe (Chrono Boost)  
  18  1:11  Probe (Chrono Boost)  
  19  1:22  Nexus  
  19  1:30  Cybernetics Core  
  19  1:32  Probe (Chrono Boost)  
  20  1:38  Assimilator  
  20  1:47  Pylon  
  20  1:48  Probe (Chrono Boost)  
  21  1:59  Probe (Chrono Boost)  
  22  2:06  Adept (Chrono Boost)  
  24  2:09  Probe  
  25  2:22  Stargate, Probe (Chrono Boost)  
  26  2:25  Warp Gate  
  26  2:34  Probe (Chrono Boost)  
  26  2:35  Probe (Chrono Boost)  
  26  2:45  Probe x2 (Chrono Boost)  
  28  2:55  Probe (Chrono Boost)  
  28  2:56  Probe (Chrono Boost)  
  30  3:05  Oracle (Chrono Boost), Probe (Chrono Boost)  
  33  3:06  Probe  
  34  3:15  Probe  
  34  3:18  Probe  
  35  3:26  Probe  
  35  3:30  Probe  
  35  3:33  Gateway  
  36  3:34  Gateway  
  36  3:36  Oracle (Chrono Boost)  
  36  3:37  Probe  
  40  3:42  Probe  
  40  3:47  Probe  
  41  3:53  Adept  
  44  3:55  Mothership Core  
  44  3:58  Probe  
  45  4:08  Probe  
  46  4:27  Pylon  
  46  4:37  Nexus  
  46  4:43  Probe  
  46  4:45  Probe  
  48  4:50  Stalker x3  
  54  4:53  Assimilator x2  
  54  4:58  Probe  
  54  4:59  Probe  
  52  5:08  Probe  
  52  5:12  Probe  
  54  5:16  Forge, Twilight Council  
  54  5:19  Pylon  
  54  5:23  Pylon  
  54  5:32  Pylon  
  54  5:36  Probe  
  54  5:37  Stalker x2, Probe  
  54  5:38  Stalker  
  54  5:40  Robotics Facility  
  62  5:46  Probe  
  62  5:48  Probe  
  62  5:49  Probe  
  65  5:57  Probe  
  65  6:01  Stalker x3, Probe  
  65  6:03  Probe  
  72  6:07  Probe  
  73  6:12  Probe  
  73  6:15  Probe  
  73  6:17  Pylon  
  73  6:18  Probe  
  75  6:22  Probe  
  76  6:27  Stalker x2  
  76  6:28  Stalker, Probe  
  76  6:30  Probe  
  84  6:34  Probe  
  84  6:39  Probe  
Tags
 
Add a new tag
Caveats
  • Supply blocks, unpowered buildings, or Contaminate may cause inaccurate times.
  • Supply counts are checked every 10 seconds.